AoeStats
← tobinho_125

Nomad

505940037Analyzed
3v3 RM · 20d ago on Sep 11, 2026· 28m 51s· 6 players
Game mode
Random Map
Map size
210×210
Population
200
Speed
Normal
Resources
Standard
Victory
Conquest
Starting age
Dark Age
Ending age
Imperial Age
RankedLock teamsTeams togetherTeam positionsShared explorationLock speedFull tech treeHidden civsTurbo modeCheats
Victory
Defeat
🇩🇪 Jurchens · Germany
855
+15
🇲🇽 Franks · Mexico
854
+15
🇩🇪 Wei · Germany
843
+16
🇫🇷 Turks · France
875
-17
🇮🇹 Saracens · Italy
823
-15
🇭🇷 Slavs · Croatia
806
-14
Semper
17:38 Feudal Age
18:42 Gold Mining
18:44 Stone Mining
19:35 Wheelbarrow
26:20 Castle Age
24:15 Fletching
25:01 Fishing Lines
26:56 Forging
26:48 Crossbowman
blacar
16:08 Feudal Age
21:34 Castle Age
21:16 Double-Bit Axe
21:42 Stone Mining
22:53 Gold Mining
VioletRayLegacy
3:51 Loom
14:38 Feudal Age
21:06 Man-at-Arms
23:00 Scale Barding Armor
23:07 Bloodlines
28:26 Castle Age
27:55 Fishing Lines
InductedFour28
9:34 Loom
14:58 Feudal Age
16:29 Wheelbarrow
15:39 Town Watch
16:16 Man-at-Arms
26:40 Scale Barding Armor
30:46 Castle Age
Cramgee
5:54 Loom
14:57 Feudal Age
22:05 Castle Age
tobinho_125
3:51 Loom
15:40 Feudal Age
17:48 Wheelbarrow
17:31 Double-Bit Axe
18:02 Scale Barding Armor
22:05 Castle Age
Connection lost

Rejoining the realm…

Still unreachable

The connection could not be restored.

Session expired

The server has moved on; the page needs a fresh start.